 Dungeon Crawl Stone Soup version 0.31-a0-574-g69dc8cc98e (webtiles) character file.

Game seed: 18403136776196115590

170789 Xavori the Unseen (level 18, -10/106 (120) HPs)
             Began as an Octopode Chaos Knight on Aug 18, 2023.
             Was a Plaything of Xom.
             Shot with a bolt by a naga sharpshooter (27 damage)
             ... on level 4 of the Snake Pit.
             The game lasted 00:45:56 (34821 turns).

Xavori the Unseen (Octopode Chaos Knight)          Turns: 34821, Time: 00:45:57

HP:   -10/106 (120) AC: 11    Str: 21    XL:     18   Next: 0%
MP:   18/18         EV: 18    Int: 17    God:    Xom [*.....]
Gold: 309           SH: 26    Dex: 18    Spells: 17/17 levels left

rFire   + . .        N - +9 rapier (speed)
rCold   + + .        R - +0 kite shield
rNeg    . . .        Z - +2 hat
rPois   +            E - amulet of reflection
rElec   +            y - ring of protection from cold
rCorr   +            g - +6 ring of strength
SInv    .            D - +4 ring of protection
Will    +....        a - +4 ring of protection
Stlth   +++++++      G - ring of resist corrosion
HPRegen 0.37/turn    j - ring of poison resistance
MPRegen 0.16/turn    k - ring of protection from cold
                     O - ring "Mech" {rElec rF+ Int+3 Stlth-}

%: reflection
@: lethally poisoned (-10 -> -27), maw-form, weakened, untranslocatable, heavily
drained
A: devouring maw, almost no armour, amphibious, 8 rings, camouflage 1,
gelatinous body 1, (nimble swimmer 1), tentacles, tentacle spike 3, large bone
plates 3, strong 1, wild magic 1
a: Begin Untransformation, Renounce Religion


You were on level 4 of the Snake Pit.
You worshipped Xom.
You were a special plaything of Xom.
You were a creature with a mouth for a stomach.
You visited 4 branches of the dungeon, and saw 25 of its levels.
You also visited: Ossuary and Bailey.

You collected 3611 gold pieces.
You spent 3302 gold pieces at shops.

Inventory:

Hand Weapons
 N - a +9 rapier of speed (weapon)
 W - the +3 rapier "Fur Rech" {flame, rElec rF+ Will+ Dex+2}
   (You bought it in a shop on level 10 of the Dungeon)

   Dex+2:     It affects your dexterity (+2).
   rF+:       It protects you from fire.
   rElec:     It insulates you from electricity.
   Will+:     It increases your willpower.
Armour
 R - a +0 kite shield (worn)
 U - the +0 tower shield of Words of Power {Str+4}
   (You bought it in a shop on level 10 of the Dungeon)

   Str+4:     It affects your strength (+4).
 Z - a +2 hat (worn)
Jewellery
 a - a +4 ring of protection (on tentacle)
 g - a +6 ring of strength (right tentacle)
 j - a ring of poison resistance (on tentacle)
 k - a ring of protection from cold (on tentacle)
 y - a ring of protection from cold (left tentacle)
 A - a ring of protection from cold
 D - a +4 ring of protection (on tentacle)
 E - an amulet of reflection (around mantle)
 G - a ring of resist corrosion (on tentacle)
 O - the ring "Mech" (on tentacle) {rElec rF+ Int+3 Stlth-}
   (You acquired it in a bailey)

   [ring of protection from fire]

   Int+3:     It affects your intelligence (+3).
   rF+:       It protects you from fire.
   rElec:     It insulates you from electricity.
   Stlth-:    It makes you less stealthy.
Talismans
 C - a maw talisman (active)
Wands
 m - a wand of quicksilver (23)
 n - a wand of digging (8)
 v - a wand of flame (33)
 z - a wand of paralysis (10)
 Q - a wand of mindburst (19)
 Y - a wand of iceblast (5)
Scrolls
 b - a scroll of butterflies
 d - 10 scrolls of teleportation
 e - 7 scrolls of fog {unknown}
 f - a scroll of enchant weapon
 i - 2 scrolls of brand weapon
 p - 3 scrolls of amnesia
 r - 4 scrolls of immolation {unknown}
 t - 5 scrolls of poison
 x - 3 scrolls of revelation
 B - a scroll of silence
 H - a scroll of identify
 L - 6 scrolls of summoning
 M - 3 scrolls of enchant armour
 P - 4 scrolls of blinking
 T - 7 scrolls of fear
Potions
 c - 8 potions of curing
 h - 3 potions of resistance
 l - a potion of magic {unknown}
 o - 9 potions of haste
 q - 5 potions of enlightenment
 s - 3 potions of berserk rage {unknown}
 u - 2 potions of mutation
 w - 3 potions of might
 F - 4 potions of heal wounds
 I - 3 potions of cancellation
 K - 2 potions of invisibility
 S - 3 potions of brilliance {unknown}
 X - 2 potions of ambrosia
Miscellaneous
 J - a tin of tremorstones (2/2)


   Skills:
 + Level 10.1 Fighting
 * Level 14.7 Short Blades
 + Level 10.2 Dodging
 + Level 18.4 Stealth
 + Level 12.1 Shields
 - Level 5.2 Unarmed Combat
 - Level 11.5 Evocations
 * Level 12.1 Shapeshifting


You had 17 spell levels left.
You didn't know any spells.
Your spell library contained the following spells:

 Spells                   Type           Power      Damage    Failure   Level
 Freeze                   Ice            0%         1d3       45%         1
 Kiss of Death            Conj/Necr      0%         2d5       45%         1
 Necrotise                Necr           0%         1d4       45%         1
 Shock                    Conj/Air       0%         1d3       45%         1
 Sting                    Tmut/Pois      0%         1d3       45%         1
 Ensorcelled Hibernation  Hex/Ice        0%         N/A       61%         2
 Passwall                 Tmut/Erth      0%         N/A       61%         2
 Poisonous Vapours        Pois/Air       0%         N/A       61%         2
 Static Discharge         Conj/Air       0%         2-2/arc   61%         2
 Call Canine Familiar     Summ           0%         N/A       82%         3
 Confusing Touch          Hex            0%         N/A       82%         3
 Frozen Ramparts          Ice            0%         1d1       82%         3
 Gell's Gravitas          Tloc           0%         N/A       82%         3
 Hailstorm                Conj/Ice       0%         3d3       82%         3
 Ignite Poison            Fire/Tmut/Pois 0%         N/A       82%         3
 Portal Projectile        Hex/Tloc       0%         N/A       82%         3
 Swiftness                Air            0%         N/A       82%         3
 Teleport Other           Tloc           0%         N/A       82%         3
 Vampiric Draining        Necr           0%         2d6       82%         3
 Airstrike                Air            0%         2d(0-16)  99%         4
 Dispel Undead            Necr           0%         3d6       99%         4
 Leda's Liquefaction      Hex/Erth       0%         N/A       99%         4
 Olgreb's Toxic Radiance  Pois           0%         N/A       99%         4
 Sticky Flame             Conj/Fire      0%         2d3       99%         4
 Summon Lightning Spire   Summ/Air       0%         N/A       99%         4
 Agony                    Necr           0%         N/A       100%        5
 Lee's Rapid Deconstruct  Erth           0%         3d4*      100%        5
 Dispersal                Tloc           0%         N/A       100%        6
 Ignition                 Fire           0%         3d3       100%        8
 Fire Storm               Conj/Fire      0%         5d1       100%        9
 Animate Armour           Summ/Erth      Unusable   N/A       N/A         4

Dungeon Overview and Level Annotations

Branches:
Dungeon (14/15)            Temple (0/1) D:7            Lair (5/5) D:9
  Swamp (0/4) Lair:3        Snake (4/4) Lair:2        Slime (0/5) Lair:4
    Orc (2/2) D:10            Elf (0/3) Orc:2        Vaults (0/5) D:14
Ossuary (visited)          Bailey (visited)

Altars:
Cheibriados
Fedhas
Kikubaaqudgha
Nemelex Xobeh
Ru
Sif Muna
Xom
Yredelemnul
The Shining One
Jiyva

Shops:
D:10 [:(*(   D:11 (   Orc:2 :[*(   Snake:1 **:   Snake:2 :=:   Snake:3 !

Annotations:
D:4 2 transporters, GoodGuyCap's ghost, novice OpSh
D:12 2 transporters, dxb338's ghost, novice FeSh
Snake:4 Vashnia


Innate Abilities, Weirdness & Mutations

You are a creature with a mouth for a stomach.
Your midsection houses a second, enormous mouth.
You cannot wear most types of armour.
You are amphibious.
You can wear up to eight rings at the same time.
Your skin changes colour to match your surroundings (Stealth+).
Your rubbery body absorbs attacks. (AC +1, EV +1)
((You are camouflaged when in or above water. (Stealth+)))
You have tentacles for arms and can constrict up to eight enemies at once.
One of your tentacles bears a large vicious spike.
You are completely covered in large bone plates. (SH +8)
Your muscles are strong. (Str +4, Int/Dex -1)
Your spells are a little harder to cast, but a little more powerful.


Message History

Unknown command.
You hit the nagaraja but do no damage.
Your tentacle spike misses the nagaraja.
You squeeze the nagaraja, but do no damage.
You bite the nagaraja, but do no damage.
The nagaraja is heavily wounded.
The naga sharpshooter gestures wildly while chanting.
The naga sharpshooter magically shoots a bolt.
You block the bolt with an invisible shield... and reflect it back!
Unknown command.
You hit the nagaraja but do no damage. You squeeze the nagaraja.
The nagaraja is heavily wounded.
Unknown command.
Unknown command.
You barely miss the nagaraja.
Your tentacle spike misses the nagaraja.
You tentacle-slap the nagaraja, but do no damage.
Your squeeze misses the nagaraja.
You bite the nagaraja, but do no damage.
The nagaraja is heavily wounded.
You feel sick. The nagaraja casts a spell at you. The bolt of poison hits you!
You are more poisoned.
You resist.
* * * LOW HITPOINT WARNING * * *
The naga sharpshooter shoots a bolt.
The bolt hits you.
* * * LOW HITPOINT WARNING * * *
Unknown command.
Unknown command.
You feel much better.
You feel very sick. The nagaraja hits you with a +0 spear!
* * * LOW HITPOINT WARNING * * *
The nagaraja closely misses you.
The naga sharpshooter gestures wildly while chanting.
The naga sharpshooter magically shoots a bolt.
The bolt hits you!!
You die...
Xom titters!

...!....N....?.....N#.#..#..##...
N8..N.#.##.#..#..#....
.....####..#..#..#....
.....#.....#_.)..#....
⌠...##....###._..#.... ###...###
#....#.... ###.....# ##..##....
#########..)...N## #####.....
#......##....W...####.........
####....####....)N...##..........
.......## #.....................
#......# ##.....................
##....## ##......................
##...####....................#..
#....##.......###..........###.
#............###............##.
##...........#.....#######.....


You could see a nagaraja and a naga sharpshooter (resistant).

Vanquished Creatures
  Asterion (Snake:1)
  Donald (Orc:2)
  Aizul (Snake:4)
  4 nagarajas
  An orc warlord (Orc:2)
  Nessos (Lair:3)
  2 dire elephants (Snake:1)
  Fannar (Lair:1)
  A fire dragon (D:14)
  An ettin (D:14)
  A rakshasa (D:11)
  7 hydras
  4 vault guards (D:14)
  A salamander tyrant (Snake:4)
  10 anacondas
  A two-headed ogre (shapeshifter) (D:13)
  A catoblepas (Lair:3)
  7 centaur warriors
  6 boulder beetles
  A death knight (D:14)
  12 naga warriors
  5 tengu warriors
  7 two-headed ogres
  2 death yaks (Lair:4)
  2 orc high priests (Orc:2)
  4 shock serpents
  A sun demon (D:11)
  8 naga sharpshooters
  A deep elf knight (Snake:1)
  3 skeletal warriors (D:14)
  2 skysharks
  3 salamander mystics
  A sixfirhy (D:11)
  3 naga ritualists
  2 bog bodies (Lair:3)
  A lindwurm (Lair:5)
  5 orc knights
  A deep elf archer (Snake:1)
  A wolf spider zombie (D:9)
  5 orc sorcerers
  7 mana vipers
  17 ugly things
  6 cyclopes
  8 salamanders
  5 manticores
  8 elephants
  9 guardian serpents
  A gargoyle (D:12)
  A centaur skeleton (D:9)
  10 naga magi
  31 black mambas
  16 cane toads
  A torpor snail (Lair:4)
  An unseen horror (D:10)
  Psyche (D:8)
  4 rime drakes
  A freezing wraith (D:14)
  A komodo dragon (shapeshifter) (D:14)
  A kobold demonologist (D:10)
  An efreet (D:13)
  10 komodo dragons
  A yaktaur (D:14)
  3 tengu conjurers (D:14)
  3 trolls
  15 blink frogs
  A meliai (D:14)
  Grinder (D:5)
  2 hellwings (D:9)
  5 polar bears
  A tarantella (Lair:4)
  6 dream sheep
  5 hornets (Lair:5)
  5 slime creatures
  A centaur simulacrum (D:14)
  12 spriggans (Lair:5)
  3 wraiths
  A vampire (D:14)
  31 yaks
  A shadow (D:9)
  A human (D:14)
  5 wyverns
  A vampire mosquito (D:14)
  3 steam dragons (D:6)
  10 basilisks
  Menkaure (Ossuary)
  Edmund (D:5)
  36 nagas
  5 wargs
  3 acid dragons
  A hell hound (Snake:1)
  15 water moccasins
  4 black bears
  A swamp drake (D:9)
  3 sky beasts (D:7)
  31 orc warriors
  21 wolves
  7 boggarts
  A tengu (Lair:5)
  5 centaurs
  2 phantoms (D:7)
  3 lemures
  An elf zombie (Ossuary)
  3 kobold brigands
  9 bullfrogs
  2 gnoll sergeants
  4 scorpions
  3 wights (D:9)
  13 killer bees
  5 howler monkeys
  An electric eel (D:6)
  2 lava snakes (D:10)
  A quasit (D:11)
  9 centaur zombies
  A jelly (shapeshifter) (D:6)
  Crazy Yiuf (D:5)
  3 hounds
  2 jellies
  17 orc priests
  An iguana (D:4)
  27 orc wizards
  21 hell rats
  2 ogre zombies (Ossuary)
  6 mummies (Ossuary)
  9 gnolls
  9 adders
  5 shadow imps
  A white imp (D:5)
  An ufetubus (D:4)
  4 worms
  3 dart slugs
  75 orcs
  5 bats
  A bat zombie (D:14)
  5 endoplasms
  3 giant cockroaches
  13 goblins
  4 hobgoblins
  10 jackals
  13 kobolds
  5 quokkas
  9 ball pythons
  7 frilled lizards (D:1)
  A gnoll zombie (Ossuary)
  5 goblin zombies (Ossuary)
  A hobgoblin zombie (Ossuary)
  8 kobold zombies (Ossuary)
  2 quokka zombies (Ossuary)
  26 rats
  9 rat zombies
887 creatures vanquished.

Vanquished Creatures (collateral kills)
  An anaconda (Snake:4)
  Pikel (D:3)
  A salamander (Snake:4)
  A guardian serpent (Snake:4)
  4 blink frogs
  A naga (Snake:3)
  An orc wizard (D:7)
  An orc (D:7)
11 creatures vanquished.

Vanquished Creatures (others)
  A fire dragon (D:14)
  A dancing weapon (Snake:4)
  A cyclops (D:14)
  A troll (D:12)
  A white imp (D:6)
5 creatures vanquished.

Grand Total: 903 creatures vanquished

Notes
Turn   | Place    | Note
-------+----------+-------------------------------------------
     0 | D:1      | Xavori the Octopode Chaos Knight began the quest for the
                  | Orb.
     0 | D:1      | Reached XP level 1. HP: 16/16 MP: 1/1
    56 | D:1      | XOM: divination: detect creatures
    97 | D:1      | Reached XP level 2. HP: 21/21 MP: 2/2
   104 | D:1      | XOM: potion effect (berserk rage)
   442 | D:1      | Reached XP level 3. HP: 26/26 MP: 3/3
   660 | D:1      | XOM: silly message
  1000 | D:1      | XOM is BORED!
  1000 | D:1      | XOM: noise
  1922 | D:1      | XOM: god gift: 14 gold pieces
  1940 | D:1      | XOM: god gift: 5 stones
  2529 | D:1      | XOM: noise
  3053 | D:1      | XOM: give mutations
  3053 | D:1      | Gained mutation: One of your tentacles bears a spike.
                  | [Xom's grace]
  3053 | D:1      | Gained mutation: You have hidden genetic potential. [Xom's
                  | grace]
  3053 | D:1      | Lost mutation: You have hidden genetic potential. [Xom's
                  | grace]
  3053 | D:1      | Gained mutation: You are somewhat resistant to further
                  | mutation. [Xom's grace]
  3149 | D:1      | XOM: give mutations
  3149 | D:1      | Gained mutation: You are partially covered in iridescent
                  | scales. (AC +2) [Xom's grace]
  3149 | D:1      | Gained mutation: One of your tentacles bears a nasty spike.
                  | [Xom's grace]
  3164 | D:1      | XOM: give mutation
  3164 | D:1      | Gained mutation: You possess an exceptional clarity of
                  | mind. [Xom's grace]
  3274 | D:1      | XOM is BORED!
  3353 | D:1      | XOM: give mutation
  3353 | D:1      | Gained mutation: You are covered in fur. (AC +1) [Xom's
                  | grace]
  3690 | D:1      | XOM: god gift: viscous brown potion {god gift}
  3694 | D:1      | Lost mutation: You possess an exceptional clarity of mind.
                  | [potion of mutation]
  3694 | D:1      | Lost mutation: You are covered in fur. (AC +1) [potion of
                  | mutation]
  3694 | D:1      | Lost mutation: One of your tentacles bears a nasty spike.
                  | [potion of mutation]
  3694 | D:1      | Gained mutation: You passively map a small area around you.
                  | [potion of mutation]
  3694 | D:1      | Gained mutation: Your flesh is cold resistant. (rC+)
                  | [potion of mutation]
  3785 | D:1      | XOM: god gift: 38 gold pieces
  3907 | D:1      | XOM: god gift: 11 gold pieces
  4580 | D:1      | XOM: divination: detect items
  5367 | D:1      | XOM: noise
  5837 | D:1      | XOM: cloud trail
  6119 | D:1      | XOM: god gift: 3 javelins
  6189 | D:1      | XOM is BORED!
  6189 | D:1      | XOM: noise
  6471 | D:1      | XOM: noise
  6531 | D:1      | XOM is BORED!
  6531 | D:1      | XOM: give mutations
  6531 | D:1      | Lost mutation: You are somewhat resistant to further
                  | mutation. [Xom's mischief]
  6531 | D:1      | Gained mutation: Potions are less effective at restoring
                  | your health. [Xom's mischief]
  6531 | D:1      | Lost mutation: Your flesh is cold resistant. (rC+) [Xom's
                  | mischief]
  6628 | D:1      | XOM: cloud trail
  6701 | D:1      | XOM: god gift: 39 gold pieces
  7134 | D:1      | XOM: silly message
  7151 | D:1      | XOM: god gift: hand axe {god gift}
  7612 | D:1      | XOM: give mutations
  7612 | D:1      | Gained mutation: You are partially covered in large bone
                  | plates. (SH +4) [Xom's grace]
  7612 | D:1      | Gained mutation: Your flesh is cold resistant. (rC+) [Xom's
                  | grace]
  7667 | D:1      | XOM: god gift: ring mail {god gift}
  8209 | D:1      | XOM: god gift: hat {god gift}
  8269 | D:1      | XOM: summons 2 hostile demons
  8270 | D:1      | Noticed a ynoxinul
  8282 | D:2      | Reached skill level 1 in Stealth
  8346 | D:2      | You fall into a shaft and drop 2 floors!
  8346 | D:4      | Found a blossoming altar of Fedhas.
  8346 | D:4      | Found a glowing golden altar of the Shining One.
  8346 | D:4      | Found a sparkling altar of Nemelex Xobeh.
  8393 | D:4      | Reached skill level 2 in Stealth
  8393 | D:4      | Reached XP level 4. HP: 32/32 MP: 4/4
  8448 | D:4      | Noticed a scorpion
  8639 | D:2      | Reached skill level 3 in Stealth
  9071 | D:2      | Reached XP level 5. HP: 34/36 MP: 5/5
  9339 | D:3      | Reached skill level 4 in Stealth
  9493 | D:3      | XOM: noise
  9783 | D:4      | Found a transporter.
  9814 | D:4      | Noticed GoodGuyCap's ghost (novice OpSh)
  9816 | D:4      | Found a transporter.
  9896 | D:4      | XOM: summons 3 hostile demons
  9897 | D:4      | Noticed a chaos spawn
  9903 | D:5      | Entered Level 5 of the Dungeon
 10032 | D:4      | XOM: swap monsters
 10058 | D:4      | Reached skill level 5 in Stealth
 10093 | D:4      | Reached XP level 6. HP: 36/43 MP: 6/6
 10146 | D:4      | XOM: silly message
 10165 | D:4      | Reached skill level 6 in Stealth
 10228 | D:4      | XOM: divination: detect creatures
 10236 | D:4      | Noticed Pikel
 10254 | D:4      | XOM: cast spell 'Chain of Chaos'
 10276 | D:3      | XOM: cast spell 'Call Canine Familiar'
 10280 | D:3      | Killed Pikel
 10281 | D:3      | Reached skill level 5 in Short Blades
 10281 | D:3      | Reached skill level 7 in Stealth
 10281 | D:3      | Reached skill level 1 in Shields
 10281 | D:3      | Reached XP level 7. HP: 22/49 MP: 7/7
 10337 | D:3      | XOM: give mutations
 10337 | D:3      | Gained mutation: You are mostly covered in large bone
                  | plates. (SH +6) [Xom's grace]
 10337 | D:3      | Gained mutation: One of your tentacles bears a nasty spike.
                  | [Xom's grace]
 10476 | D:4      | Reached XP level 8. HP: 54/54 MP: 8/8
 10939 | D:5      | Noticed Grinder
 10949 | D:5      | Killed Grinder
 10950 | D:5      | Reached skill level 8 in Stealth
 11036 | D:5      | XOM: 4-stop teleportation journey
 11069 | D:5      | Found a runed translucent door.
 11070 | D:5      | Noticed Crazy Yiuf
 11112 | D:5      | Noticed Edmund
 11124 | D:5      | Killed Edmund
 11200 | D:5      | XOM: 7-stop teleportation journey
 11347 | D:5      | XOM: give mutations
 11347 | D:5      | Gained mutation: You expend magic power (3 MP) to
                  | strengthen your wands. [Xom's grace]
 11347 | D:5      | Gained mutation: You have hidden genetic potential. [Xom's
                  | grace]
 11367 | D:5      | XOM: god gift: staff of death
 11484 | D:5      | Killed Crazy Yiuf
 11485 | D:5      | Reached skill level 9 in Stealth
 11553 | D:6      | an orc wizard changed into a shapeshifter
 11553 | D:6      | Noticed a shapeshifter (shapeshifter)
 11553 | D:6      | a shapeshifter changed into a queen bee
 11553 | D:6      | Noticed a queen bee (shapeshifter)
 11554 | D:6      | a queen bee changed into a harpy
 11554 | D:6      | Noticed a harpy (shapeshifter)
 11859 | D:6      | XOM: summons friendly quasit
 11870 | D:6      | Reached skill level 1 in Evocations
 11895 | D:6      | Noticed a komodo dragon
 12154 | D:6      | Found a sacrificial altar of Ru.
 12217 | D:6      | XOM: scenery: summon butterflies
 12297 | D:6      | XOM: cast spell 'Leda's Liquefaction'
 12341 | D:6      | Found a snail-covered altar of Cheibriados.
 12803 | D:6      | Reached XP level 9. HP: 60/60 MP: 9/9
 12807 | D:6      | Reached skill level 5 in Fighting
 12807 | D:6      | Reached skill level 10 in Stealth
 12953 | D:6      | XOM: summons friendly crimson imp
 12961 | D:6      | XOM: polymorph crimson imp -> quasit
 12961 | D:6      | Gained mutation: You are completely covered in large bone
                  | plates. (SH +8) [hidden potential]
 12971 | D:6      | XOM: potion effect (invisibility)
 13008 | D:6      | XOM: divination: detect creatures
 13072 | D:6      | XOM: 1-stop teleportation journey
 13516 | D:6      | XOM: summons 4 hostile demons
 13532 | D:6      | XOM: scenery: summon butterflies
 13551 | D:7      | XOM: god gift: 41 gold pieces
 13563 | D:7      | Reached skill level 5 in Dodging
 13563 | D:7      | Reached skill level 1 in Shapeshifting
 13579 | D:7      | XOM: summons friendly quasit
 13600 | D:7      | Reached skill level 11 in Stealth
 13711 | D:7      | XOM: divination: magic mapping
 13736 | D:7      | Found a flagged portal.
 13746 | Bailey   | Entered a bailey
 13871 | Bailey   | XOM: noise
 14030 | Bailey   | Noticed an orc knight
 14041 | Bailey   | XOM: noise
 14047 | Bailey   | Killed an orc knight
 14048 | Bailey   | Reached XP level 10. HP: 66/66 MP: 6/10
 14064 | Bailey   | XOM: potion effect (magic)
 14081 | Bailey   | Gained mutation: You passively dampen the noise of your
                  | surroundings. [hidden potential]
 14081 | Bailey   | Lost mutation: You have hidden genetic potential. [hidden
                  | potential expressed]
 14154 | Bailey   | Noticed an orc knight
 14159 | Bailey   | XOM: potion effect (invisibility)
 14168 | Bailey   | XOM: divination: detect creatures
 14172 | Bailey   | Reached skill level 12 in Stealth
 14182 | Bailey   | XOM: noise
 14184 | Bailey   | Killed an orc knight
 14192 | Bailey   | XOM: potion effect (brilliance)
 14194 | Bailey   | XOM: silly message
 14211 | Bailey   | Reached skill level 5 in Evocations
 14260 | Bailey   | Acquired a +2 rapier of speed
 14263 | Bailey   | Acquired the ring "Mech" {rElec rF+ Int+3 Stlth-}
 14266 | Bailey   | Acquired 595 gold pieces
 14496 | D:7      | Found a staircase to the Ecumenical Temple.
 14529 | D:7      | XOM is BORED!
 14529 | D:7      | XOM: summons 2 hostile demons
 14547 | D:7      | XOM: god gift: 63 gold pieces
 14681 | D:7      | XOM: summons 1 hostile demon
 14717 | D:8      | Found a sand-covered staircase.
 14721 | Ossuary  | Entered an ossuary
 14742 | Ossuary  | XOM: summons 2 friendly demons
 14846 | Ossuary  | Noticed Menkaure
 14859 | Ossuary  | Killed Menkaure
 15235 | D:8      | Noticed a two-headed ogre
 15238 | D:8      | Killed a two-headed ogre
 15341 | D:8      | XOM: silly message
 15349 | D:8      | Reached skill level 13 in Stealth
 15361 | D:8      | Noticed Psyche
 15401 | D:8      | Killed Psyche
 15402 | D:8      | Reached XP level 11. HP: 72/72 MP: 11/11
 15440 | D:8      | Identified the +6 flail of Qissa {venom, rC++ rN+ Int+6}
 15490 | D:8      | XOM: noise
 15551 | D:8      | XOM: 10-stop teleportation journey
 15866 | D:9      | XOM: cast spell 'Metabolic Englaciation'
 16194 | D:9      | XOM: potion effect (haste)
 16201 | D:9      | XOM: noise
 16211 | D:9      | XOM: confuse monster(s)
 16227 | D:9      | XOM: divination: magic mapping
 16433 | D:9      | XOM: potion effect (might)
 16436 | D:9      | XOM: silly message
 16437 | D:9      | Reached skill level 5 in Shields
 16457 | D:9      | XOM: enchant monster (good)
 16532 | D:9      | XOM: torment (37/72 hp)
 16645 | D:9      | XOM: give mutation
 16645 | D:9      | Lost mutation: Your flesh is cold resistant. (rC+) [Xom's
                  | mischief]
 16832 | D:9      | Noticed a two-headed ogre
 16839 | D:9      | Killed a two-headed ogre
 16879 | D:9      | XOM: give mutation
 16879 | D:9      | Gained mutation: You are robust. (+10% HP) [Xom's mischief]
 17022 | D:9      | XOM: 2-stop teleportation journey
 17188 | D:9      | Found a staircase to the Lair.
 17188 | D:9      | XOM: polymorph orc priest -> swamp drake
 17190 | D:9      | XOM: noise
 17192 | D:9      | XOM: polymorph orc priest -> adder
 17225 | D:9      | Reached XP level 12. HP: 43/86 MP: 12/12
 17333 | D:9      | XOM: give mutations
 17333 | D:9      | Gained mutation: Your flesh is heat resistant. (rF+) [Xom's
                  | grace]
 17333 | D:9      | Gained mutation: Your muscles are strong. (Str +4, Int/Dex
                  | -1) [Xom's grace]
 17333 | D:9      | Gained mutation: Your muscles are very strong. (Str +8,
                  | Int/Dex -2) [Xom's grace]
 17333 | D:9      | Gained mutation: Your natural rate of healing is unusually
                  | fast. [Xom's grace]
 17642 | D:10     | Entered Level 10 of the Dungeon
 17646 | D:10     | Found a staircase to the Orcish Mines.
 17647 | D:10     | Found Utri's Weapon Boutique.
 17747 | D:10     | XOM: 1-stop teleportation journey
 17757 | D:10     | Noticed a two-headed ogre
 17761 | D:10     | Killed a two-headed ogre
 17761 | D:10     | XOM: 6-stop teleportation journey
 17762 | D:10     | Reached skill level 10 in Short Blades
 17819 | D:10     | Reached skill level 5 in Shapeshifting
 17964 | D:10     | Found Roza's Book Boutique.
 17971 | D:10     | Found Backus's Antique Armour Shoppe.
 17981 | D:10     | Bought a faintly humming tower shield for 199 gold pieces
 17981 | D:10     | Identified the +0 tower shield of Words of Power {Str+4}
                  | (You bought it in a shop on level 10 of the Dungeon)
 17991 | D:10     | Bought a book of Air for 352 gold pieces
 18128 | D:10     | Found a basalt altar of Yredelemnul.
 18128 | D:10     | Found a shimmering blue altar of Sif Muna.
 18171 | D:10     | Noticed a two-headed ogre
 18198 | D:10     | Killed a two-headed ogre
 18199 | D:10     | Reached skill level 14 in Stealth
 18344 | D:10     | Found Hyaz's Antique Weapon Boutique.
 18345 | D:10     | Found Donwi's General Store.
 18352 | D:10     | Bought a polished rapier for 288 gold pieces
 18352 | D:10     | Identified the +3 rapier "Fur Rech" {flame, rElec rF+ Will+
                  | Dex+2} (You bought it in a shop on level 10 of the Dungeon)
 18365 | D:10     | Bought a +4 ring of protection for 432 gold pieces
 18584 | Lair:1   | Entered Level 1 of the Lair of Beasts
 18723 | Lair:1   | Reached XP level 13. HP: 94/94 MP: 13/13
 18877 | Lair:1   | Noticed Fannar
 18889 | Lair:1   | Killed Fannar
 18912 | Lair:1   | XOM: potion effect (attraction)
 18956 | Lair:1   | XOM: silly message
 18960 | Lair:1   | XOM: silly message
 18971 | Lair:1   | Reached skill level 15 in Stealth
 18975 | Lair:1   | XOM: potion effect (might)
 18980 | Lair:1   | XOM: silly message
 18997 | Lair:1   | XOM: divination: magic mapping
 19136 | Lair:1   | XOM: noise
 19301 | Lair:1   | XOM: silly message
 19359 | Lair:1   | XOM: divination: detect creatures
 19804 | Lair:2   | Reached XP level 14. HP: 101/101 MP: 14/14
 19810 | Lair:2   | Found a staircase to the Snake Pit.
 20358 | Lair:3   | XOM: noise
 20422 | Lair:3   | Noticed Nessos
 20432 | Lair:3   | Killed Nessos
 20584 | Lair:3   | XOM: noise
 20603 | Lair:3   | XOM: summons 7 friendly demons
 20759 | Lair:3   | Found a staircase to the Swamp.
 20871 | Lair:3   | XOM: divination: magic mapping
 21181 | Lair:4   | XOM: give mutations
 21181 | Lair:4   | Lost mutation: You are completely covered in large bone
                  | plates. (SH +8) [Xom's mischief]
 21181 | Lair:4   | Lost mutation: Your natural rate of healing is unusually
                  | fast. [Xom's mischief]
 21297 | Lair:4   | XOM is BORED!
 21297 | Lair:4   | XOM: 1-stop teleportation journey
 21313 | Lair:4   | XOM: give mutations
 21313 | Lair:4   | Lost mutation: You passively dampen the noise of your
                  | surroundings. [Xom's mischief]
 21313 | Lair:4   | Lost mutation: You are robust. (+10% HP) [Xom's mischief]
 21313 | Lair:4   | Lost mutation: You are partially covered in iridescent
                  | scales. (AC +2) [Xom's mischief]
 21323 | Lair:4   | Found a staircase to the Slime Pits.
 21324 | Lair:4   | Found a viscous altar of Jiyva.
 21361 | Lair:4   | XOM: polymorph dream sheep -> tarantella
 21739 | Lair:4   | You fall into a shaft and drop 1 floor!
 21739 | Lair:5   | Entered Level 5 of the Lair of Beasts
 21763 | Lair:5   | XOM: fog
 21805 | Lair:5   | Reached skill level 10 in Evocations
 21855 | Lair:5   | XOM: silly message
 21892 | Lair:4   | XOM: confusion (+ monsters)
 21907 | Lair:4   | XOM: summons friendly white imp
 21910 | Lair:4   | XOM: scenery: create altars
 22055 | Lair:4   | XOM: 1-stop teleportation journey
 22083 | Lair:4   | XOM: summons 3 hostile shadow creatures
 22757 | Lair:4   | XOM: torment (48/94 hp)
 23013 | Lair:4   | XOM: god gift: 29 gold pieces
 23195 | Lair:5   | XOM: god gift: curved glowing staff {god gift}
 23371 | Lair:5   | Reached skill level 16 in Stealth
 23532 | Lair:5   | XOM: cleaving
 23578 | Lair:5   | Reached XP level 15. HP: 56/99 MP: 15/15
 23664 | Lair:5   | XOM: god gift: +3 rapier of chaos
 23890 | Lair:5   | XOM: chaos cloud
 23895 | Lair:5   | Paralysed by you for 4 turns
 23899 | Lair:5   | XOM: polymorph elephant -> fire crab
 23900 | Lair:5   | XOM: summons 2 hostile demons
 24405 | Lair:5   | XOM: 2-stop teleportation journey
 24409 | Lair:5   | XOM: confusion
 24654 | Lair:5   | XOM: give mutations
 24654 | Lair:5   | Gained mutation: One of your tentacles bears a large
                  | vicious spike. [Xom's mischief]
 24654 | Lair:5   | Lost mutation: You passively map a small area around you.
                  | [Xom's mischief]
 24654 | Lair:5   | Lost mutation: Potions are less effective at restoring your
                  | health. [Xom's mischief]
 24848 | Lair:5   | XOM: polymorph black bear -> tengu
 24880 | Lair:3   | XOM: torment (51/99 hp)
 24988 | Orc:1    | Entered Level 1 of the Orcish Mines
 25124 | Orc:1    | XOM: 3-stop teleportation journey
 25129 | Orc:1    | XOM: 1-stop teleportation journey
 25146 | Orc:1    | XOM: swap monsters
 25386 | Orc:2    | Entered Level 2 of the Orcish Mines
 25626 | Orc:2    | Found a staircase to the Elven Halls.
 25631 | Orc:2    | Noticed Donald
 25650 | Orc:2    | XOM: cleaving
 25662 | Orc:2    | Killed Donald
 25701 | Orc:2    | XOM: summons 1 hostile shadow creature
 25830 | Orc:2    | XOM: swap monsters
 25839 | Orc:2    | XOM: swap monsters
 25848 | Orc:2    | XOM: god gift: potion of haste
 25850 | Orc:2    | XOM: scenery: create altars
 26158 | Orc:2    | XOM: scenery: create altars
 26266 | Orc:2    | Noticed an orc warlord
 26291 | Orc:2    | Killed an orc warlord
 26296 | Orc:2    | XOM: scenery: summon butterflies
 26510 | Orc:2    | Found Ryad's Antique Weapon Boutique.
 26737 | Orc:2    | Found Neriypp's Antique Armour Boutique.
 26743 | Orc:2    | Bought a runed hat for 189 gold pieces
 26789 | Orc:2    | Found Kaus's Book Boutique.
 26804 | Orc:2    | Found Ityh's General Store.
 26811 | Orc:2    | Bought a scroll of blinking for 90 gold pieces
 26811 | Orc:2    | Bought a scroll of summoning for 114 gold pieces
 27117 | D:11     | Found Acufruf's Antique Weapon Shop.
 27153 | D:11     | XOM: 3-stop teleportation journey
 27158 | D:11     | XOM: cast spell 'Summon Mana Viper'
 27465 | D:11     | XOM: smoke on damage
 28117 | D:12     | Found a transporter.
 28117 | D:12     | Noticed dxb338's ghost (novice FeSh)
 28122 | D:12     | Noticed a frost giant
 28266 | D:12     | XOM: give mutations
 28266 | D:12     | Gained mutation: You possess an exceptional clarity of
                  | mind. [Xom's grace]
 28266 | D:12     | Gained mutation: You are completely covered in large bone
                  | plates. (SH +8) [Xom's grace]
 28266 | D:12     | Gained mutation: Your spells are a little harder to cast,
                  | but a little more powerful. [Xom's grace]
 28370 | D:12     | XOM: cleaving
 28415 | D:12     | Noticed a fire giant
 28455 | D:12     | XOM: divination: magic mapping
 28464 | D:12     | XOM: silly message
 28468 | D:12     | XOM: destruction
 28489 | D:12     | XOM: fake destruction
 28611 | D:12     | Found a transporter.
 28767 | D:12     | XOM: enchant monster (good)
 28773 | D:12     | Reached skill level 17 in Stealth
 28977 | D:13     | XOM: potion effect (attraction)
 29582 | D:14     | Reached XP level 16. HP: 107/107 MP: 16/16
 29605 | D:14     | Reached skill level 10 in Shields
 29606 | D:14     | XOM: butterfly on damage
 29664 | D:13     | XOM: summons 9 hostile demons
 29841 | D:14     | Got Sif Muna's Verses on Conjuration
 30045 | D:14     | Found a gate to the Vaults.
 30104 | D:14     | XOM: swap monsters
 30110 | D:14     | XOM: divination: magic mapping
 30250 | D:14     | XOM: summons 5 hostile demons
 30291 | D:14     | XOM: 2-stop teleportation journey
 30292 | D:14     | XOM: noise
 30393 | D:14     | Reached skill level 10 in Shapeshifting
 30483 | D:14     | XOM: cloud trail
 30532 | D:14     | XOM: noise
 30643 | D:14     | XOM: cast spell 'Summon Dragon'
 30910 | D:14     | XOM: enchant monster (bad)
 30912 | D:14     | XOM: fog
 30917 | D:14     | XOM: divine lightning
 30918 | D:14     | Reached skill level 1 in Unarmed Combat
 31190 | D:14     | Found an ancient bone altar of Kikubaaqudgha.
 31364 | Snake:1  | Entered Level 1 of the Snake Pit
 31364 | Snake:1  | Noticed Asterion
 31367 | Snake:1  | Found Pythres's Self-Published Books.
 31368 | Snake:1  | Killed Asterion
 31402 | Snake:1  | XOM: enchant monster (good)
 31452 | Snake:1  | XOM: polymorph naga mage -> mana viper
 31534 | Snake:1  | Found Uwnahub's Assorted Antiques.
 31544 | Snake:1  | Bought a scroll of identify for 58 gold pieces
 31544 | Snake:1  | Bought a tin of tremorstones (2/2) for 1160 gold pieces
 31718 | Snake:1  | XOM: give mutations
 31718 | Snake:1  | Lost mutation: You expend magic power (3 MP) to strengthen
                  | your wands. [Xom's mischief]
 31718 | Snake:1  | Lost mutation: Your flesh is heat resistant. (rF+) [Xom's
                  | mischief]
 31718 | Snake:1  | Lost mutation: One of your tentacles bears a large vicious
                  | spike. [Xom's mischief]
 31718 | Snake:1  | Gained mutation: One of your tentacles bears a large
                  | vicious spike. [Xom's mischief]
 31831 | Snake:1  | Found Lupp's Assorted Antiques.
 31844 | Snake:1  | Bought a knobbly garnet ring for 140 gold pieces
 32101 | Snake:2  | XOM: smoke on damage
 32199 | Snake:2  | Found a shimmering blue altar of Sif Muna.
 32215 | Snake:2  | Reached XP level 17. HP: 113/113 MP: 17/17
 32555 | Snake:2  | Found Vecett's Book Emporium.
 32555 | Snake:2  | Found Nelimy's Jewellery Boutique.
 32557 | Snake:2  | Found Xeytur's Book Emporium.
 32567 | Snake:2  | Bought a ring of poison resistance for 200 gold pieces
 32676 | Snake:2  | XOM: noise
 32758 | Snake:2  | Reached skill level 18 in Stealth
 32897 | Snake:3  | Found Nauxoh's Distillery.
 32903 | Snake:3  | Bought a potion of heal wounds for 80 gold pieces
 32955 | Snake:3  | Reached skill level 10 in Dodging
 33033 | Snake:3  | XOM: divination: magic mapping
 33082 | Snake:3  | XOM: snakes to sticks
 33084 | Snake:3  | XOM: noise
 33091 | Snake:3  | XOM: noise
 33160 | Snake:3  | XOM: 2-stop teleportation journey
 33182 | Snake:3  | XOM: summons friendly quasit
 33270 | Snake:3  | XOM: noise
 33275 | Snake:3  | XOM: cast spell 'Summon Small Mammal'
 33514 | Snake:3  | Found a snail-covered altar of Cheibriados.
 33574 | Snake:3  | XOM: summons 8 hostile demons
 33607 | Snake:4  | Entered Level 4 of the Snake Pit
 33660 | Snake:4  | XOM: cast spell 'Metabolic Englaciation'
 33661 | Snake:4  | XOM: noise
 33670 | Snake:4  | XOM: enchant monster (bad)
 33686 | Snake:4  | XOM: 2-stop teleportation journey
 33692 | Snake:4  | XOM: cast spell 'Monstrous Menagerie'
 33878 | Snake:4  | Noticed Aizul
 33898 | Snake:4  | Killed Aizul
 33898 | Snake:4  | XOM: summons friendly white imp
 34020 | Snake:4  | XOM: 2-stop teleportation journey
 34229 | Snake:4  | XOM: scenery: create altars
 34246 | Snake:4  | XOM: chaos upgrade
 34248 | Snake:4  | XOM: swap monsters
 34250 | Snake:4  | XOM: confuse monster(s)
 34264 | Snake:4  | Reached skill level 10 in Fighting
 34266 | Snake:4  | XOM: potion effect (heal wounds)
 34287 | Snake:4  | XOM: give mutations
 34287 | Snake:4  | Lost mutation: Your muscles are very strong. (Str +8,
                  | Int/Dex -2) [Xom's mischief]
 34287 | Snake:4  | Lost mutation: You possess an exceptional clarity of mind.
                  | [Xom's mischief]
 34322 | Snake:4  | Reached skill level 5 in Unarmed Combat
 34322 | Snake:4  | Noticed Vashnia
 34371 | Snake:4  | XOM: 3-stop teleportation journey
 34382 | Snake:4  | XOM: summons 7 friendly demons
 34800 | Snake:4  | XOM: enchant monster (bad)
 34813 | Snake:4  | XOM: draining
 34814 | Snake:4  | Reached XP level 18. HP: 54/106 MP: 18/18
 34821 | Snake:4  | Shot with a bolt by a naga sharpshooter

Illustrated notes

Levels and vault maps discovered:
D:1:      dpeg_arrival_long_road, layout_loops_ring, minmay_lizard_pond
D:2:      layout_rooms, serial_rivers, chequers_serial_rivers_micro_e,
          chequers_serial_rivers_large_a, chequers_serial_rivers_marsh,
          chequers_serial_rivers_large_b, chequers_serial_rivers_room_b,
          small_statue_intersection, roderic_serpentine_path
D:3:      layout_basic, minmay_rat_hole
D:4:      layout_gridville, gammafunk_temple_overflow_claw,
          gammafunk_ghost_arena, hex_medium, kennysheep_flooded_box, uniq_pikel
D:5:      layout_loops_cross, uniq_crazy_yiuf_cottage, uniq_edmund, uniq_grinder
D:6:      kennysheep_steamy, layout_loops_corners,
          lemuel_coloured_pillars_altar, nicolae_overflow_hidden_temple,
          nicolae_concentric_dashed_squares_mild,
          nicolae_kite_square_tiling_tiny
D:7:      layout_basic, minmay_temple_entry_water_ring, enter_bailey_3,
          dreamdust_wishing_well
D:8:      layout_basic, lightli_ossuary_entry_decrepit_ruins, uniq_psyche
D:9:      cheibrodos_grave_circle, layout_cave_pods, erik_lair_orcish_takeover
D:10:     layout_cave_pods, mainiacjoe_overflow_divided_tiny, orc_david_3,
          serial_shops, shop, nicolae_stop_n_shop_1,
          nicolae_shop_competitors_out_of_business, shop,
          kennysheep_generic_room_16
D:11:     layout_basic, serial_shops, shop, serial_demonic, serial_demonic_c,
          serial_demonic_e, serial_demonic_b, serial_demonic_g,
          hangedman_decor_push, minmay_misc_feat_chi
D:12:     layout_irregular_city, gammafunk_ghost_arena
D:13:     layout_long_grid, lemuel_flamethrower_3
D:14:     nzn_winding_woodlands_stair_cross [nzn_winding_woodlands_5x15_eye,
          nzn_winding_woodlands_center_lodge, nzn_winding_woodlands_5x15_cabin,
          nzn_winding_woodlands_5x5_three, nzn_winding_woodlands_5x5_default,
          nzn_winding_woodlands_5x15_jagged,
          nzn_winding_woodlands_center_diamonds,
          nzn_winding_woodlands_5x15_longhouse], layout_cave_pools,
          lightli_vaults_fourway_checkpoint, grunt_livestock,
          lemuel_zombie_altar_kikubaaqudgha
Lair:1:   layout_chaotic_city, infiniplex_staircase_pool_2, grunt_megastairs_3,
          serial_bayou_shore_b, uniq_fannar
Lair:2:   layout_cave_pods, guppyfry_snake_entry_garden, serial_bayou_shore_a,
          grunt_megastairs_5, infiniplex_staircase_pool
Lair:3:   layout_gridlike, skrybe_swamp_entry_bodies, uniq_nessos
Lair:4:   layout_layer_cave, minmay_slime_entry_pillars, st_stairs_4,
          grunt_megastairs_1
Lair:5:   minmay_lair_end_enchanted_forest, layout_regular_city,
          grunt_megastairs_2
Snake:1:  layout_onion_interference, serial_shops,
          nicolae_shop_competitors_out_of_business, shop, nicolae_custom_books,
          grunt_ministairs_14, beargit_elvish_explorers, uniq_asterion
Snake:2:  layout_gridlike, basic_altar, minmay_shop_grove
Snake:3:  layout_onion, serial_shops, nicolae_shop_waterfront, basic_altar,
          nrook_guardian_serpent_double
Snake:4:  grunt_snake_rune_serpentine_throne, layout_cave_town, uniq_aizul
Orc:1:    layout_caves
Orc:2:    grunt_orc_cross, layout_diamond_mine, uniq_donald

Skill      XL: |  1  2  3  4  5  6  7  8  9 10 11 12 13 14 15 16 17 |
---------------+----------------------------------------------------+-----
Stealth        | 2 3 5 7 9 11 13 14 15 16 17 18 | 18.4
Short Blades   | 4 5 6 7 8 9 11 12 13 14 | 14.7
Dodging        | 3 4 5 6 7 8 9 10 | 10.2
Fighting       | 4 5 6 7 8 9 10 | 10.1
Shields        | 1 3 5 6 7 8 9 10 12 | 12.1
Evocations     | 1 4 5 7 8 9 10 11 | 11.5
Shapeshifting  | 2 3 4 6 7 8 10 12 | 12.1
Unarmed Combat | 2 5 |  5.2

Action                     |  1- 3 |  4- 6 |  7- 9 | 10-12 | 13-15 | 16-18 || total
---------------------------+-------+-------+-------+-------+-------+-------++-------
  Melee: Short sword       |    58 |   143 |    80 |       |       |       ||   281
         Constrict         |     9 |    35 |    51 |    70 |   141 |    83 ||   389
         Tentacles         |     6 |    15 |    56 |   106 |   311 |   290 ||   784
         Kick              |     1 |    45 |    84 |   156 |   512 |   434 ||  1232
         Punch             |       |     3 |     4 |     4 |    21 |    23 ||    55
         Dagger            |       |       |   133 |    31 |       |       ||   164
         Rapier            |       |       |       |   416 |  1055 |   893 ||  2364
         Maw               |       |       |       |       |       |   391 ||   391
  Evoke: Wand              |       |       |     5 |     8 |     7 |     1 ||    21
    Use: Potion            |     1 |     1 |     1 |     3 |     3 |     3 ||    12
         Scroll            |       |       |     4 |    18 |    10 |     3 ||    35
   Stab: Sleeping          |    11 |    17 |    21 |    37 |    54 |    20 ||   160
         Confused          |       |     2 |       |     2 |     3 |     2 ||     9
         Paralysed         |       |       |     2 |     2 |     2 |       ||     6
         Distracted        |       |       |     1 |     4 |     6 |     7 ||    18
         Invisible         |       |       |     1 |     1 |       |       ||     2
         Petrifying        |       |       |       |     1 |       |       ||     1
 Armour: Skin              |     2 |    22 |    15 |    46 |    72 |    50 ||   207
  Dodge: Dodged            |    16 |    71 |    77 |    94 |   161 |   156 ||   575
  Block: Other             |       |    19 |    76 |    34 |       |       ||   129
         Kite shield       |       |       |       |   285 |   534 |   551 ||  1370
         Reflection        |       |       |       |    10 |    15 |    58 ||    83
   Form: Maw               |       |       |       |       |       |     1 ||     1

Table legend: (Time is in decaauts)
 A = Elapsed time spent in this place.
 B = Non-inter-level travel time spent in this place.
 C = Inter-level travel time spent in this place.
 D = Time resting spent in this place.
 E = Time spent auto-exploring this place.
 F = Levels seen in this place.
 G = Mean time per level.
                   A        B        C        D        E       F      G
               +--------+--------+--------+--------+--------+-----+--------+
         Total |  33456 |  32411 |   1045 |  10808 |  16637 |  27 | 1239.1 |
       Dungeon |  21613 |  20970 |    643 |   9409 |   9133 |  14 | 1543.8 |
          Lair |   6015 |   5775 |    240 |    679 |   3984 |   5 | 1203.0 |
     Snake Pit |   3125 |   3021 |    104 |    174 |   2023 |   4 |  781.2 |
  Orcish Mines |   1842 |   1785 |     57 |    394 |   1089 |   2 |  921.0 |
       Ossuary |    358 |    358 |      0 |      0 |    233 |   1 |  358.0 |
        Bailey |    501 |    501 |      0 |    151 |    175 |   1 |  501.0 |
               +--------+--------+--------+--------+--------+-----+--------+

Top non-repeatable levels by time:
     D:1: 8268 daAuts
  Lair:4: 1793 daAuts
     D:6: 1595 daAuts
     D:9: 1572 daAuts
   Orc:2: 1463 daAuts
  Lair:5: 1445 daAuts
    D:14: 1423 daAuts
     D:5: 1272 daAuts
    D:11: 1086 daAuts
 Snake:4: 1065 daAuts
  Lair:3: 1027 daAuts
     D:8: 990 daAuts
    D:10: 950 daAuts
  Lair:2: 943 daAuts
     D:4: 872 daAuts
